 Dungeon Crawl Stone Soup version 0.21.0-25-ge575cb9 (webtiles) character file.

592 garbagetei the Cudgeler (level 7, -2/44 HPs)
             Began as a Gargoyle Monk on Jan 26, 2018.
             Was a Believer of Okawaru.
             Splashed by a jelly's acid (7 damage)
             ... on level 6 of the Dungeon.
             The game lasted 00:10:47 (3382 turns).

garbagetei the Cudgeler (Gargoyle Monk)             Turns: 3382, Time: 00:10:49

Health: -2/44      AC:  9    Str: 16    XL:     7   Next: 39%
Magic:  7/7        EV: 14    Int: 11    God:    Okawaru [**....]
Gold:   190        SH:  0    Dex: 15    Spells: 6/6 levels left

rFire    . . .     SeeInvis .   a - +0 mace
rCold    . . .     Gourm    .   (no shield)
rNeg     + . .     Faith    .   m - +0 leather armour
rPois    ∞         Spirit   .   (no helmet)
rElec    +         Reflect  .   d - +0 cloak
rCorr    .         Harm     .   (no gloves)
MR       .....                  (no boots)
Stlth    ++........             (no amulet)
HPRegen  0.14/turn              t - +3 ring of dexterity
MPRegen  0.10/turn              (no ring)

@: no status effects
A: negative energy resistance 1, electricity resistance, unbreathing,
petrification resistance, rot immunity, AC +4
a: Heroism, Renounce Religion


You were on level 6 of the Dungeon.
You worshipped Okawaru.
Okawaru was pleased with you.
You were not hungry.

You visited 2 branches of the dungeon, and saw 7 of its levels.

You collected 190 gold pieces.

Inventory:

Hand Weapons
 a - a +0 mace (weapon)
 y - a +0 quarterstaff
Missiles
 r - 3 tomahawks (quivered)
Armour
 b - a +0 robe
 d - a +0 cloak (worn)
 m - a +0 leather armour (worn)
Jewellery
 n - an uncursed ring of fire
 t - a +3 ring of dexterity (left hand)
 v - a cursed amulet of inaccuracy
 x - an uncursed amulet of rage
Wands
 f - a wand of acid (10)
 q - a wand of flame (21)
Scrolls
 e - 3 scrolls of amnesia
 g - a scroll of magic mapping {unknown}
 h - 6 scrolls of remove curse {unknown}
 i - a scroll of teleportation {unknown}
 p - a scroll of random uselessness {unknown}
 s - a scroll of enchant weapon {unknown}
Potions
 k - a potion of agility
 l - a potion of curing {unknown}
 o - a potion of haste {unknown}
 u - a potion of resistance {unknown}
 w - a potion of ambrosia {unknown}
Comestibles
 c - 8 rations


   Skills:
 + Level 4.7 Fighting
 + Level 5.7 Maces & Flails
 + Level 2.2 Armour
 + Level 4.0 Dodging
 + Level 2.9 Stealth
 + Level 0.4 Evocations


You had 6 spell levels left.
You didn't know any spells.

Dungeon Overview and Level Annotations

Branches:
Dungeon (6/15)             Temple (1/1) D:4

Altars:
Ashenzari
Cheibriados
Dithmenos
Elyvilon
Fedhas
Hepliaklqana
Kikubaaqudgha
Makhleb
Nemelex Xobeh
Okawaru
Qazlal
Sif Muna
Trog
Uskayaw
Vehumet
Xom
Yredelemnul
Zin
The Shining One

Annotations:
D:3 Terence; bmj180's ghost, amateur MiFi
D:5 Pikel


Innate Abilities, Weirdness & Mutations

You are resistant to torment.
Your stone body is resilient. (AC +4)
You are immune to poison.
You resist negative energy. (rN+)
You are resistant to electric shocks. (rElec)
You can survive without breathing.
You are immune to petrification.
You are immune to rotting.


Message History

The jelly misses you. The worker ant bites you.
You hit the jelly.
Your hands burn!
The jelly is moderately wounded.
The worker ant misses you. The jelly barely misses you.
You hit the jelly. The acid corrodes you!
Your hands burn!
The jelly is severely wounded.
The worker ant bites you. The jelly hits you. The acid corrodes you!
You are splashed with acid!
The acid burns!
* * * LOW HITPOINT WARNING * * *
The crimson imp shouts, "Run away, thou bawdy pigeon-egg bandersnitch!"
The crimson imp blinks!
The worker ant bites you.
* * * LOW HITPOINT WARNING * * *
It was a potion of cancellation.
Your magical effects are unravelling.
You feel magically purged.
You are no longer corroded.
The jelly hits you.
* * * LOW HITPOINT WARNING * * *
You are splashed with acid!
The acid burns!
You die...

.......$..#### .............#
.....# #########......# .....#
... #.......# .>...#
..?#####....<..###.....# ......
...............#........ .....
...............#........# #....
...............#.......... #....
..............§a@..........##...#
...............J....###. ........
...##.....#.........# # #.... ###
#.............######.# #....
#.............#......####...#
#.......%.....#......+..#....
.....##................##.#..#.
..... #(........<### #.#....
..... #..........# ###......


You could see a jelly and a worker ant.

Vanquished Creatures
  A phantom (D:2)
  A black bear (D:6)
  An ogre (D:6)
  A scorpion (D:6)
  A hound (D:4)
  An iguana (D:4)
  2 orc wizards
  A worker ant (D:5)
  4 adders
  A shadow imp (D:5)
  2 oozes (D:1)
  An adder skeleton (D:4)
  3 dart slugs
  2 leopard geckos (D:4)
  8 orcs
  3 giant cockroaches
  12 goblins
  9 hobgoblins
  4 jackals (D:2)
  5 kobolds
  A ball python (D:1)
  6 bats
  3 frilled lizards
  10 rats
  A fungus (D:3)
84 creatures vanquished.

Notes
Turn   | Place    | Note
-------+----------+-------------------------------------------
     0 | D:1      | garbagetei the Gargoyle Monk began the quest for the Orb.
     0 | D:1      | Reached XP level 1. HP: 14/14 MP: 1/1
   118 | D:1      | Reached XP level 2. HP: 19/19 MP: 2/2
   704 | D:1      | Reached XP level 3. HP: 20/24 MP: 3/3
  1461 | D:2      | Reached XP level 4. HP: 25/29 MP: 4/4
  1570 | D:2      | Noticed a phantom
  1582 | D:2      | Killed a phantom
  1582 | D:2      | Reached skill level 4 in Maces & Flails
  1582 | D:2      | Reached XP level 5. HP: 26/33 MP: 5/5
  1874 | D:3      | Noticed bmj180's ghost (amateur MiFi)
  1876 | D:3      | Noticed an ice beast
  2008 | D:3      | Found a shadowy altar of Dithmenos.
  2061 | D:3      | Noticed Terence
  2107 | D:4      | Found a staircase to the Ecumenical Temple.
  2132 | Temple   | Entered the Ecumenical Temple
  2219 | Temple   | Became a worshipper of Warmaster Okawaru
  2219 | Temple   | Reached * piety under Okawaru
  2219 | Temple   | Reached ** piety under Okawaru
  2522 | D:4      | Reached skill level 1 in Armour
  2800 | D:4      | Reached XP level 6. HP: 36/39 MP: 6/6
  2887 | D:5      | Entered Level 5 of the Dungeon
  3052 | D:5      | Found a white marble altar of Elyvilon.
  3115 | D:5      | Found a bloodstained altar of Trog.
  3149 | D:5      | Noticed a slave
  3154 | D:5      | Noticed a slave
  3155 | D:5      | Noticed Pikel
  3167 | D:5      | Noticed a slave
  3290 | D:6      | Reached skill level 5 in Maces & Flails
  3290 | D:6      | Reached XP level 7. HP: 44/44 MP: 4/7
  3382 | D:6      | Splashed by a jelly's acid

Skill      XL: |  1  2  3  4  5  6 |
---------------+-------------------+-----
Fighting       | 4 |  4.7
Maces & Flails | 4 5 |  5.7
Dodging        | 3 4 |  4.0
Armour         | 1 2 |  2.2
Stealth        | |  2.9
Evocations     | |  0.4

Action                   |  1- 3 |  4- 6 |  7- 9 || total
-------------------------+-------+-------+-------++-------
Melee: Mace              |   140 |   239 |    33 ||   412
Invok: Heroism           |       |     1 |       ||     1
Evoke: Wand              |       |     7 |       ||     7
  Use: Scroll            |     3 |     2 |     1 ||     6
       Potion            |       |       |     1 ||     1
 Stab: Sleeping          |     6 |       |       ||     6
  Eat: Chunk             |     2 |     6 |     1 ||     9
Armor: Robe              |    49 |       |       ||    49
       Leather armour    |     7 |   138 |    20 ||   165
       Skin              |     2 |       |       ||     2
Dodge: Dodged            |   128 |   204 |    36 ||   368
